 Dungeon Sprint DCSS version 0.30-a0-385-gfebfb9b408 (webtiles) character file.

Game seed: 7638074247842665089

81 rocky1 the Shield-Bearer (level 4, -8/39 HPs)
             Began as a Formicid Fighter on Dec 3, 2022.
             Was a Priest of Cheibriados.
             Mangled by a warg (14 damage)
             ... in the Dungeon (Sprint VII: "The Pits").
             The game lasted 00:00:43 (412 turns).

rocky1 the Shield-Bearer (Formicid Fighter)          Turns: 412, Time: 00:00:44

Health: -8/39      AC:  7    Str: 31    XL:     4   Next: 68%
Magic:  4/4        EV: 10    Int: 15    God:    Cheibriados [***...]
Gold:   0          SH:  7    Dex: 21    Spells: 3/3 levels left

rFire   . . .      SeeInvis +    a - +0 flail
rCold   . . .      Faith    .    c - +0 buckler
rNeg    . . .      Spirit   .    b - +0 scale mail
rPois   .          Reflect  .    (helmet unavailable)
rElec   .          Harm     .    (no cloak)
rCorr   .          Rampage  .    (no gloves)
Will    .....                    (no boots)
Stlth   ..........               (no amulet)
HPRegen 0.26/turn                (no ring)
MPRegen 0.09/turn                (no ring)

@: very slow
A: permanent stasis, dig shafts and tunnels, antennae 3, four strong arms
a: Dig, Renounce Religion, Bend Time, Temporal Distortion


You were in the Dungeon.
You worshipped Cheibriados.
Cheibriados was most pleased with you.
You visited 1 branch

Inventory:

Hand Weapons
 a - a +0 flail (weapon)
Armour
 b - a +0 scale mail (worn)
 c - a +0 buckler (worn)
Scrolls
 i - 5 scrolls of amnesia
 j - a scroll of summoning
Potions
 d - a potion of might
 e - a potion of curing
 f - a potion of heal wounds
 g - 4 potions of magic
 h - 2 potions of invisibility


   Skills:
 + Level 5.6 Fighting
 + Level 3.8 Maces & Flails
 + Level 6.1 Armour
 + Level 0.1 Dodging
 + Level 6.8 Shields


You had 3 spell levels left.
You didn't know any spells.
Your spell library was empty.

Dungeon Overview and Level Annotations

Branches:
Dungeon (1/1)

Altars:
Ashenzari
Cheibriados
Dithmenos
Elyvilon
Fedhas
Gozag
Hepliaklqana
Kikubaaqudgha
Makhleb
Nemelex Xobeh
Okawaru
Qazlal
Ru
Sif Muna
Trog
Uskayaw
Vehumet
Wu Jian
Xom
Yredelemnul
Zin
The Shining One
Jiyva
Lugonu


Innate Abilities, Weirdness & Mutations

You cannot be hasted, slowed, berserked, paralysed or teleported.
You can dig through walls and to a lower floor.
You have a pair of large antennae on your head. (SInv)
Your four strong arms can wield two-handed weapons with a shield.


Message History

Cheibriados thoroughly appreciates the change of pace.
Cheibriados raises the support of your attributes as your movement slows. x2
The ufetubus hits you. The ufetubus closely misses you.
Your Armour skill increases to level 6!
Unknown command.
Okay, then.
You hit the ufetubus but do no damage. The ufetubus barely misses you.
The ufetubus hits you.
The ufetubus hits you but does no damage.
The ufetubus completely misses you.
You closely miss the ufetubus. The ufetubus hits you. x2
The ufetubus hits you but does no damage.
You block the ufetubus's attack.
You sock the ufetubus!
You kill the ufetubus!
Cheibriados thoroughly appreciates the change of pace.
You can now warp the flow of time around you.
Cheibriados raises the support of your attributes as your movement slows.
The giant cockroach barely misses you.
You hit the giant cockroach but do no damage.
You block the giant cockroach's attack.
You sock the giant cockroach!
You kill the giant cockroach!
Cheibriados thoroughly appreciates the change of pace.
Cheibriados raises the support of your attributes as your movement slows.
The warg bites you.
You closely miss the warg. The warg closely misses you.
You closely miss the warg. The warg bites you but does no damage.
You block the warg's attack.
You barely miss the warg. The warg closely misses you.
The warg barely misses you.
You hit the warg but do no damage. The warg barely misses you.
You hit the warg.
The warg is lightly wounded.
The warg bites you! x2
* * * LOW HITPOINT WARNING * * *
You closely miss the warg.
The warg is lightly wounded.
The warg bites you!
You die...

##########'##...........
#.?(!')))'.##......#..#.
##########.##...........
#...........'...........
#+#####รท#####......#..#.
#.....##...........
#####'#####'#####++
#.....##.......#
#..@..##.......#
###h####.......#
#.....##...<...#
........##.......#
#........##.......#
###########.......# { {{
######### { {


You could see a warg.

Vanquished Creatures
  A scorpion (D)
  An adder (D)
  An ufetubus (D)
  A bat zombie (D)
  An endoplasm (D)
  A giant cockroach (D)
  2 ball pythons (D)
8 creatures vanquished.

Notes
Turn   | Place    | Note
-------+----------+-------------------------------------------
     0 | D        | rocky1 the Formicid Fighter began the quest for the Orb.
     0 | D        | Reached XP level 1. HP: 18/18 MP: 1/1
    18 | D        | Found a bloodstained altar of Trog.
    18 | D        | Found a shimmering blue altar of Sif Muna.
    18 | D        | Found a viscous altar of Jiyva.
    18 | D        | Found a hazy altar of Hepliaklqana.
    18 | D        | Found an opulent altar of Gozag.
    19 | D        | Found a glowing golden altar of the Shining One.
    19 | D        | Found a glowing silver altar of Zin.
    19 | D        | Found a basalt altar of Yredelemnul.
    19 | D        | Found a shimmering altar of Xom.
    19 | D        | Found an ornate altar of the Wu Jian Council.
    19 | D        | Found a sacrificial altar of Ru.
    19 | D        | Found a stormy altar of Qazlal.
    19 | D        | Found an iron altar of Okawaru.
    19 | D        | Found a sparkling altar of Nemelex Xobeh.
    19 | D        | Found a burning altar of Makhleb.
    19 | D        | Found a blossoming altar of Fedhas.
    19 | D        | Found a white marble altar of Elyvilon.
    19 | D        | Found a shadowy altar of Dithmenos.
    19 | D        | Found a snail-covered altar of Cheibriados.
    21 | D        | Found a radiant altar of Vehumet.
    21 | D        | Found a corrupted altar of Lugonu.
    22 | D        | Found a hide-covered altar of Uskayaw.
    22 | D        | Found an ancient bone altar of Kikubaaqudgha.
    22 | D        | Found a broken altar of Ashenzari.
    30 | D        | Became a worshipper of Cheibriados the Contemplative
    72 | D        | Reached * piety under Cheibriados
   183 | D        | Reached ** piety under Cheibriados
   184 | D        | Noticed a scorpion
   192 | D        | Killed a scorpion
   193 | D        | Reached skill level 5 in Fighting
   193 | D        | Reached skill level 5 in Armour
   193 | D        | Reached XP level 2. HP: 13/27 MP: 2/2
   193 | D        | Reached XP level 3. HP: 16/33 MP: 3/3
   193 | D        | Reached XP level 4. HP: 19/39 MP: 4/4
   394 | D        | Noticed a warg
   404 | D        | Reached *** piety under Cheibriados
   412 | D        | Mangled by a warg

Illustrated notes

Levels and vault maps discovered:
D:        pitsprint [storerooms_1, entrance_room_1, metal_vault_2, armoury_1,
          mini_pit_1, grid_room_1, main_hall_1, silver_pit, the_coven_1,
          the_vestibule_1, steel_vault_4, golden_pit, hallway_of_sentries,
          crystal_vault_2, iron_vault_1, final_vault]

Skill      XL: |  1  2  3  4 |
---------------+-------------+-----
Fighting       | 5 |  5.6
Maces & Flails | 3 |  3.8
Armour         | 5 6 |  6.1
Shields        | 6 |  6.8
Dodging        | |  0.1

Action                   |  1- 3 |  4- 6 || total
-------------------------+-------+-------++-------
Melee: Flail             |    20 |    17 ||    37
Armor: Scale mail        |    13 |     7 ||    20
Dodge: Dodged            |    14 |    14 ||    28
Block: Buckler           |     5 |     5 ||    10

Table legend: (Time is in decaauts)
 A = Elapsed time spent in this place.
 B = Non-inter-level travel time spent in this place.
 C = Inter-level travel time spent in this place.
 D = Time resting spent in this place.
 E = Time spent auto-exploring this place.
 F = Levels seen in this place.
 G = Mean time per level.
                   A        B        C        D        E       F      G
               +--------+--------+--------+--------+--------+-----+--------+
         Total |    436 |    436 |      0 |    296 |      0 |   1 |  436.0 |
       Dungeon |    436 |    436 |      0 |    296 |      0 |   1 |  436.0 |
               +--------+--------+--------+--------+--------+-----+--------+

Top non-repeatable levels by time:
       D: 436 daAuts
